cohdb
Replays
Latest Replays
All Replays
Popular Replays
Top Player Replays
Match Explorer
How It Works
Community
CoH3 Stats
Reddit
Sign in to upload your games and track your stats! →
Sign in with Steam
Match 42097613
Unlisted
Match 42097613
Overview
Messages
Build Orders
End
Royal Engineer Section
Construct Section Command Post
Dingo Light Scout Car
Infantry Section
Infantry Section
Infantry Section
Construct Platoon Command Post
Construct Field Infirmary
Infantry Section
Infantry Training
Selects Canadian Shock Battlegroup
Selects Attacking Spirit
Selects Canadian Shock Section
Selects Incendiary Munitions
6-pounder Anti-tank Gun Team
Vickers Machine Gun Team
Selects Pyrotechnics
Unlock Bishop Self-propelled Artillery
Grenade Package
6-pounder Anti-tank Gun Team
Bishop Self-propelled Artillery
Infantry Section
Unlock M3 Stuart Light Tanks
Jar
T.O.N.G
ConcernedApe
badiba
0
0
Comments
sign in to comment!
No comments posted yet!